 Dungeon Crawl Stone Soup version 0.29.1-2-gbd0b4ee654 (webtiles) character file.

Game seed: 532233895244909119

37 GigaChad the Shield-Bearer (level 3, 0/33 HPs)
             Began as a Minotaur Fighter on Nov 29, 2022.
             Slain by Sigmund
             ... wielding a +4 scythe of protection
              (4 damage)
             ... on level 2 of the Dungeon.
             The game lasted 00:01:43 (1275 turns).

GigaChad the Shield-Bearer (Minotaur Fighter)       Turns: 1275, Time: 00:01:44

Health: 0/33       AC:  8    Str: 22    XL:     3   Next: 21%
Magic:  2/2        EV:  9    Int:  5    God:
Gold:   85         SH:  4    Dex:  9    Spells: 2/2 levels left

rFire   . . .      SeeInvis .   a - +0 war axe
rCold   . . .      Faith    .   c - +0 buckler
rNeg    . . .      Spirit   .   b - +0 scale mail
rPois   .          Reflect  .   (helmet restricted)
rElec   .          Harm     .   e - +0 cloak
rCorr   .          Rampage  .   (no gloves)
Will    .....                   (no boots)
Stlth   ..........              (no amulet)
HPRegen 0.11/turn               (no ring)
MPRegen 0.08/turn               (no ring)

@: no status effects
A: horns 2, retaliatory headbutt
a: no special abilities


You were on level 2 of the Dungeon.
You visited 1 branch of the dungeon, and saw 2 of its levels.

You collected 85 gold pieces.

Inventory:

Hand Weapons
 a - a +0 war axe (weapon)
Armour
 b - a +0 scale mail (worn)
 c - a +0 buckler (worn)
 e - a +0 cloak (worn)
Scrolls
 g - a scroll of acquirement {unknown}
Potions
 d - a potion of might
 f - a potion of curing {unknown}
 h - 2 potions of haste {unknown}
 i - a potion of degeneration {unknown}


   Skills:
 + Level 3.9 Fighting
 + Level 2.9 Axes
 + Level 4.1 Armour
 + Level 4.3 Shields


You had 2 spell levels left.
You didn't know any spells.
Your spell library contained the following spells:

 Spells                   Type           Power      Damage    Failure   Level
 Chain Lightning          Conj/Air       0%         N/A       100%        9
 Fire Storm               Conj/Fire      0%         5d1       100%        9
 Shatter                  Erth           0%         3d5*      100%        9


Dungeon Overview and Level Annotations

Branches:
Dungeon (2/15)

Altars:

Annotations:
D:2 Sigmund


Innate Abilities, Weirdness & Mutations

You have a pair of horns on your head.
You reflexively headbutt those who attack you in melee.


Message History

Found 12 gold pieces.
You slash the adder!
You kill the adder!
You have reached level 3!
Your experience leads to an increase in your attributes!
Increase (S)trength, (I)ntelligence, or (D)exterity?
You feel stronger. x2
Found a stone staircase leading down.
Found 9 gold pieces.
You now have 66 gold pieces (gained 12).
You now have 76 gold pieces (gained 10).
You now have 85 gold pieces (gained 9).
h - 2 black potions (gained 1) Sigmund the Dreaded comes into view.
He is wielding a +4 scythe of protection.
Sigmund shouts!
You hear a shout!
Sigmund gestures at you while chanting. The puff of flame hits you!
Sigmund is nearby!
Sigmund is nearby!
A gnoll comes into view. It is wielding a +0 halberd.
Sigmund completely misses you.
The gnoll moves out of view.
Sigmund hits you from afar with a +4 scythe of protection.
You closely miss Sigmund. Sigmund casts a spell at you.
The puff of flame hits you but does no damage.
The gnoll hits you from afar with a +0 halberd.
Sigmund barely misses you.
You closely miss Sigmund.
The gnoll hits you from afar with a +0 halberd!
* * * LOW HITPOINT WARNING * * *
Sigmund closely misses you.
You barely miss Sigmund. Your headbutt misses Sigmund.
The gnoll hits you but does no damage.
You closely miss Sigmund. Your headbutt misses Sigmund.
The gnoll hits you but does no damage. Sigmund casts a spell at you.
The puff of flame hits you.
* * * LOW HITPOINT WARNING * * *
Sigmund hits you with a +4 scythe of protection.
You die...

#..........####.....###.....#
#...........................#
#.....(.....................#
##.......).#...>......##.....#
.........#####.###.##..#.....#
.........# #..##.....>.....#
.........# ##.##.###.....###
.........# #..#.. .###..
###.###### ##@##. .# ... #.
#@.g..... #. .........
...#..#... ....#..# #.
.....#..# ....... .. ........
.##


You could see Sigmund and a gnoll.

Vanquished Creatures
  An adder (D:2)
  2 ball pythons (D:1)
  2 bats (D:1)
  2 endoplasms (D:1)
  A giant cockroach (D:1)
  2 goblins
  5 hobgoblins (D:1)
  3 jackals (D:1)
  2 kobolds (D:1)
  2 frilled lizards (D:1)
  A rat (D:1)
23 creatures vanquished.

Vanquished Creatures (others)
  A plant (D:1)
1 creature vanquished.

Grand Total: 24 creatures vanquished

Notes
Turn   | Place    | Note
-------+----------+-------------------------------------------
     0 | D:1      | GigaChad the Minotaur Fighter began the quest for the Orb.
     0 | D:1      | Reached XP level 1. HP: 19/19 MP: 0/0
   139 | D:1      | Reached XP level 2. HP: 12/27 MP: 1/1
  1223 | D:2      | Reached XP level 3. HP: 33/33 MP: 2/2
  1264 | D:2      | Noticed Sigmund
  1275 | D:2      | Slain by Sigmund

Illustrated notes

Levels and vault maps discovered:
D:1:      ncdulo_watergridlock, layout_basic, serial_forest,
          infiniplex_forest_corner_1, infiniplex_forest_clump_cross,
          infiniplex_forest_lined_2, infiniplex_forest_diagonal,
          infiniplex_forest_clump_diagonal
D:2:      layout_rooms, serial_bayou_crossing, uniq_sigmund

Skill      XL: |  1  2 |
---------------+-------+-----
Armour         | 4 |  4.1
Shields        | 4 |  4.3
Fighting       | |  3.9
Axes           | |  2.9

Action                   || total
-------------------------++-------
Melee: War axe           ||    50
       Headbutt          ||     6
Armor: Scale mail        ||    30
Dodge: Dodged            ||    35
Block: Buckler           ||    17
